 Dungeon Crawl Stone Soup version 0.28.0-49-g6dfe1f597d (webtiles) character file.

Game seed: 10508295137158907549

612 bnorton916 the Magician (level 7, -3/46 HPs)
             Began as a Djinni Fire Elementalist on May 14, 2022.
             Slain by a gnoll
             ... wielding a +0 halberd
              (12 damage)
             ... on level 5 of the Dungeon.
             The game lasted 00:12:46 (8777 turns).

bnorton916 the Magician (Djinni Fire Elementalist)  Turns: 8777, Time: 00:12:47

Health: -3/46      AC:  6    Str:  7    XL:     7   Next: 72%
Gold:   42         EV: 11    Int: 18    God:
                   SH:  0    Dex: 14

rFire   + + .      SeeInvis .   j - staff of conjuration
rCold   x . .      Faith    .   (no shield)
rNeg    . . .      Spirit   .   t - +0 leather armour
rPois   ∞          Reflect  .   n - +0 helmet
rElec   .          Harm     .   (no cloak)
rCorr   .          Rampage  .   D - +0 pair of gloves
Will    .....                   (boots unavailable)
Stlth   ++........              (no amulet)
HPRegen 0.15/turn               (no ring)
MPRegen 0.00/turn               (no ring)

@: flying
A: sickness immunity, fire resistance 2, cold vulnerability 1, float, innate
caster, HP casting, extra vitality 1
a: no special abilities


You were on level 5 of the Dungeon.
You visited 2 branches of the dungeon, and saw 6 of its levels.

You collected 150 gold pieces.
You spent 108 gold pieces at shops.

Inventory:

Hand Weapons
 o - the +9 spear of Uzudehes {vorpal, *Rage rC+ Str+3}
   (You found it on level 3 of the Dungeon)

   It inflicts extra damage upon your enemies.
   Str:       It affects your strength (+3).
   rC:        It protects you from cold.
   *Rage:     It berserks you when you make melee attacks (+20% chance).
 s - a +0 vampiric dagger
 y - a +1 hand axe of draining
 B - a +1 dagger of venom
Missiles
 i - 5 poisoned darts
 v - a throwing net
Armour
 n - a +0 helmet (worn)
 t - a +0 leather armour (worn)
 D - a +0 pair of gloves (worn)
Magical Staves
 j - a staff of conjuration (weapon)
Wands
 A - a wand of mindburst (23)
Scrolls
 l - 2 scrolls of blinking
 p - a scroll of amnesia {unknown}
 q - a scroll of teleportation {unknown}
 r - 2 scrolls of vulnerability
 x - 3 scrolls of fear
 E - a scroll of enchant weapon
Potions
 a - a potion of heal wounds
 b - 2 potions of haste
 c - a potion of resistance {unknown}
 d - a potion of curing
 e - 3 potions of brilliance
 f - a potion of attraction {unknown}
 g - a potion of magic {unknown}
 h - 2 potions of degeneration {unknown}
 k - a potion of mutation {unknown}
 m - a potion of ambrosia {unknown}
 u - a potion of cancellation {unknown}
 w - a potion of lignification {unknown}
 z - a potion of invisibility {unknown}
 C - a potion of might {unknown}


   Skills:
 + Level 0.9 Fighting
 + Level 4.4 Armour
 - Level 2.1 Dodging
 - Level 1.5 Stealth
 + Level 5.2 Spellcasting


You couldn't memorise any spells.
You knew the following spells:

 Your Spells              Type           Power      Damage    Failure   Level
a - Foxfire               Conj/Fire      100%       2x1d9     2%          1
b - Scorch                Fire           46%        2d7       3%          2
c - Conjure Flame         Conj/Fire      35%        6-21      6%          3
d - Inner Flame           Hex/Fire       23%        N/A       6%          3
e - Flame Wave            Conj/Fire      35%        2d8       22%         4
f - Apportation           Tloc           46%        N/A       2%          1
g - Call Imp              Summ           23%        N/A       3%          2
h - Dazzling Flash        Conj/Hex       70%        N/A       6%          3
Your spell library was empty.

Dungeon Overview and Level Annotations

Branches:
Dungeon (5/15)             Temple (1/1) D:5

Altars:
Ashenzari
Dithmenos
Elyvilon
Fedhas
Gozag
Hepliaklqana
Nemelex Xobeh
Okawaru
Qazlal
Ru
Uskayaw
Wu Jian
Xom
Yredelemnul
Zin
The Shining One

Shops:
D:4 =   D:5 !


Innate Abilities, Weirdness & Mutations

You are immune to sickness and miasma.
You are immune to poison.
Your flesh is very heat resistant. (rF++)
You are vulnerable to cold. (rC-)
You float through the air rather than walking.
You learn spells naturally, not from books.
Your magical power is your life essence.
You have superior vitality. (+4 MHP)


Message History

The foxfire hits the gnoll but does no damage.
Casting: Foxfire (safe; 2% risk of failure)
Confirm with . or Enter, or press ? or * to list all spells.
You feel a surge of power!
You conjure some foxfire!
The gnoll hits you from afar with a +0 halberd!
The foxfire hits the gnoll.
The gnoll is lightly wounded.
The foxfire hits the gnoll but does no damage.
The gnoll is lightly wounded.
The gnoll hits you from afar with a +0 halberd.
Casting: Foxfire (safe; 2% risk of failure)
Confirm with . or Enter, or press ? or * to list all spells.
You feel a surge of power!
You conjure some foxfire!
The gnoll barely misses you.
The foxfire hits the gnoll.
The gnoll is moderately wounded.
The foxfire hits the gnoll!
The gnoll is heavily wounded.
The gnoll closely misses you.
A gnoll shaman comes into view. It is wielding a +0 club.
The gnoll hits you from afar with a +0 halberd!
Casting: Foxfire (safe; 2% risk of failure)
Confirm with . or Enter, or press ? or * to list all spells.
You feel a surge of power!
You conjure some foxfire!
The gnoll barely misses you. The gnoll closely misses you.
The foxfire hits the gnoll.
The gnoll is severely wounded.
The foxfire hits the gnoll!
You kill the gnoll!
The gnoll completely misses you.
Unknown command.
The gnoll completely misses you.
There is a stone staircase leading down here.
The gnoll shaman calls upon its god to speed up the gnoll.
The gnoll seems to speed up.
The gnoll hits you from afar with a +0 halberd!
* * * LOW HITPOINT WARNING * * *
There is a stone staircase leading up here.
The gnoll hits you from afar with a +0 halberd!
You die...

######g#.#g#.###...#
#.g....#.....###...###
##.########.###.......## #.>.#
#####.# #...>.....
###...###...g.###.......#.
#.......#.#.#.....)...###.
#.........g...#####...# #.
#.......#..g..######.####.
#..)..##.@.........#......
########.....###.....####.###....
#........)...# ##...## #<...
#.######..##.# ##.## #..#.
#..##.### ### #..#. ###.........
#..#. #....##g###. #..#. #.#### #
#..#. #. #..##


You could see a gnoll shaman and 2 gnolls.

Vanquished Creatures
  A black bear (D:4)
  An ogre (D:4)
  A phantom (D:4)
  Blork the orc (D:4)
  2 bullfrog zombies
  A jelly (D:5)
  Ijyb (D:4)
  3 gnolls
  5 adders
  An ufetubus (D:5)
  2 worms
  2 dart slugs
  12 orcs
  2 bats (D:3)
  7 endoplasms
  3 giant cockroaches
  7 goblins
  7 hobgoblins
  2 jackals (D:1)
  5 quokkas
  8 ball pythons
  A frilled lizard (D:1)
  4 kobolds
  6 rats
85 creatures vanquished.

Vanquished Creatures (others)
  217 foxfires
217 creatures vanquished.

Grand Total: 302 creatures vanquished

Notes
Turn   | Place    | Note
-------+----------+-------------------------------------------
     0 | D:1      | bnorton916 the Djinni Fire Elementalist began the quest for
                  | the Orb.
     0 | D:1      | Reached XP level 1. HP: 15/15 MP: 0/0
   510 | D:1      | Reached XP level 2. HP: 18/21 MP: 0/0
  1412 | D:1      | Reached skill level 3 in Spellcasting
  1953 | D:1      | Reached XP level 3. HP: 23/25 MP: 0/0
  1953 | D:1      | Learned a level 1 spell: Apportation
  2892 | D:2      | Reached XP level 4. HP: 29/31 MP: 0/0
  2929 | D:2      | Found a faded altar of an unknown god.
  3890 | D:3      | Reached skill level 1 in Armour
  4579 | D:3      | Reached skill level 4 in Spellcasting
  4579 | D:3      | Reached XP level 5. HP: 11/35 MP: 0/0
  4579 | D:3      | Learned a level 2 spell: Call Imp
  4857 | D:3      | Identified the +9 spear of Uzudehes {vorpal, *Rage rC+
                  | Str+3}
  5006 | D:3      | Found an ornate altar of the Wu Jian Council.
  5286 | D:4      | Noticed a black bear
  5293 | D:4      | Killed a black bear
  5294 | D:4      | Reached XP level 6. HP: 17/40 MP: 0/0
  5601 | D:4      | Noticed an ogre
  5619 | D:4      | Killed an ogre
  6107 | D:4      | Found Joff's One-of-a-Kind Rings.
  6270 | D:4      | Noticed Blork the orc
  6271 | D:4      | Noticed Ijyb
  6693 | D:5      | Entered Level 5 of the Dungeon
  6904 | D:4      | Reached XP level 7. HP: 27/45 MP: 0/0
  6904 | D:4      | Learned a level 3 spell: Dazzling Flash
  6963 | D:4      | Killed Blork the orc
  6964 | D:4      | Reached skill level 5 in Spellcasting
  7597 | D:4      | Killed Ijyb
  8005 | D:5      | Found Icwiz's Distillery.
  8019 | D:5      | Bought a potion of heal wounds for 60 gold pieces
  8019 | D:5      | Bought a potion of brilliance for 48 gold pieces
  8139 | D:5      | Found a staircase to the Ecumenical Temple.
  8388 | Temple   | Entered the Ecumenical Temple
  8777 | D:5      | Slain by a gnoll

Illustrated notes

Levels and vault maps discovered:
D:1:      dpeg_arrival_pond, layout_basic, serial_aquarium,
          aquarium_bridge_square [aquarium_subvault_wall,
          aquarium_subvault_bridge, aquarium_subvault_bridge,
          aquarium_subvault_window], aquarium_bridge_straight
          [aquarium_subvault_bridge, aquarium_subvault_wall,
          aquarium_subvault_bridge, aquarium_subvault_wall],
          aquarium_window_corner, aquarium_window_fake, aquarium_window_double,
          aquarium_window_corridor_2, aquarium_view_4, aquarium_view_2e,
          aquarium_pool_corner, nicolae_grassy_gnolls
D:2:      layout_loops_corners, ebering_ecumenical_altar_mist
D:3:      layout_basic, pdpol_wu_jian_five_deadly_venoms, glass_columns_a
D:4:      layout_cave_pools, nicolae_shop_unique_rings, roderic_st_hans_cross,
          uniq_blork_the_orc, uniq_ijyb
D:5:      layout_loops_ring, temple_green, serial_shops,
          nicolae_shop_hallway_plus, uniq_crazy_yiuf_cottage
Temple:   regret_index_temple_waves

Skill      XL: |  1  2  3  4  5  6  7 |
---------------+----------------------+-----
Spellcasting   | 3 4 5 |  5.2
Armour         | 1 2 3 4 |  4.4
Fighting       | |  0.9
Dodging        | |  2.1
Stealth        | |  1.5

Action                   |  1- 3 |  4- 6 |  7- 9 || total
-------------------------+-------+-------+-------++-------
Melee: Unarmed           |     1 |       |       ||     1
       Staff             |       |     1 |       ||     1
 Cast: Foxfire           |    50 |    47 |    31 ||   128
       Scorch            |       |    24 |    10 ||    34
  Use: Scroll            |       |       |     5 ||     5
 Stab: Distracted        |       |     1 |       ||     1
Armor: Robe              |     2 |    16 |     3 ||    21
       Leather armour    |       |       |     4 ||     4
Dodge: Dodged            |    21 |    30 |    17 ||    68
